AoeStats
← jphilkill

Nomad

505428146Analyzed
4v4 RM · 24d ago on Sep 9, 2026· 78m 49s· 8 players
Game mode
Random Map
Map size
231×231
Population
200
Speed
Normal
Resources
Standard
Victory
Conquest
Starting age
Dark Age
Ending age
Imperial Age
RankedLock teamsTeams togetherTeam positionsShared explorationLock speedFull tech treeHidden civsTurbo modeCheats
Victory
Defeat
🇩🇪 Huns · Germany
962
+15
🇳🇱 Slavs · Netherlands
957
+15
🇦🇺 Britons · Australia
898
+17
🇦🇺 Persians · Australia
879
+18
991
-19
🇨🇳 Spanish · China
954
-17
🇨🇳 Tatars · China
900
-15
🇨🇳 Huns · China
879
-14
伐木人
10:25 Loom
16:06 Feudal Age
23:10 Castle Age
30:55 Fletching
41:58 Horse Collar
46:58 Imperial Age
46:25 Double-Bit Axe
48:06 Conscription
48:28 Husbandry
49:19 Wheelbarrow
52:03 Hand Cart
52:13 Treadmill Crane
52:43 Fortified Wall
54:46 Heavy Plow
54:43 Gold Mining
54:43 Stone Mining
55:31 Bow Saw
56:20 Elite Skirmisher
57:39 Forging
57:35 Scale Barding Armor
58:44 Squires
60:13 Padded Archer Armor
61:12 Ballistics
63:19 Heavy Camel Rider
64:19 Pikeman
68:29 Iron Casting
如果智慧有颜色
4:59 Loom
16:51 Feudal Age
17:34 Fishing Lines
18:08 Double-Bit Axe
18:15 Gold Mining
20:31 Wheelbarrow
24:33 Castle Age
23:13 Fletching
25:26 Gillnets
25:47 Medium Warships
26:07 Bow Saw
27:40 Ballistics
27:35 Careening
27:36 Clinker Construction
29:09 Bodkin Arrow
32:36 Clinker Construction
32:37 Masonry
35:43 Imperial Age
34:21 Stone Mining
37:45 Heavy Warships
39:25 Guilds
39:56 Cilician Fleet
41:42 Chemistry
41:03 Dry Dock
41:05 Carvel Hull
42:24 Murder Holes
51:14 Bracer
51:15 Padded Archer Armor
52:23 Conscription
51:24 Elite Composite Bowman
52:30 Fereters
52:51 Leather Archer Armor
54:38 Ring Archer Armor
55:58 Pikeman
56:39 Squires
56:25 Arson
61:14 Elite Skirmisher
卢本伟
5:08 Loom
15:27 Feudal Age
20:25 Castle Age
24:16 Stone Mining
24:19 Gold Mining
24:24 Double-Bit Axe
32:56 Wheelbarrow
37:07 Bow Saw
36:38 Horse Collar
雷欧
9:52 Loom
17:00 Feudal Age
18:44 Double-Bit Axe
22:02 Castle Age
19:55 Fishing Lines
22:26 Bloodlines
23:58 Wheelbarrow
25:12 Fletching
25:46 Husbandry
25:08 Light Cavalry
25:49 Bodkin Arrow
26:41 Gold Mining
26:41 Stone Mining
27:20 Bow Saw
30:54 Ballistics
31:14 Stone Shaft Mining
31:36 Horse Collar
32:18 Padded Archer Armor
35:37 Leather Archer Armor
35:28 Scale Barding Armor
35:34 Forging
38:32 Imperial Age
41:38 Bracer
42:10 Ring Archer Armor
42:59 Chemistry
45:36 Hussar
47:15 Elite Conquistador
49:37 Heavy Plow
50:40 Two-Man Saw
49:31 Town Watch
53:14 Hoardings
54:02 Chain Barding Armor
54:18 Iron Casting
55:18 Conscription
55:54 Masonry
58:17 Blast Furnace
57:53 Plate Barding Armor
65:36 Devotion
viahortus
5:34 Loom
17:06 Feudal Age
17:40 Fishing Lines
17:49 Double-Bit Axe
17:56 Gold Mining
21:06 Horse Collar
24:12 Castle Age
24:49 Bloodlines
25:05 Medium Warships
25:30 Town Watch
26:44 Husbandry
26:51 Scale Barding Armor
28:20 Chain Barding Armor
30:30 Heavy Plow
31:16 Wheelbarrow
30:53 Bow Saw
31:38 Detinets
33:02 Forging
35:21 Iron Casting
37:41 Imperial Age
36:28 Fletching
37:54 Hand Cart
38:32 Sanctity
38:28 Elite Boyar
41:08 Block Printing
41:04 Bodkin Arrow
43:20 Plate Barding Armor
45:04 Conscription
53:32 Theocracy
54:51 Illumination
57:22 Siege Engineers
57:28 Masonry
58:20 Chemistry
60:35 Ballistics
66:14 Blast Furnace
PapaHewy
7:29 Loom
15:08 Feudal Age
21:31 Castle Age
20:11 Fletching
21:58 Crossbowman
23:40 Double-Bit Axe
23:38 Horse Collar
24:06 Bodkin Arrow
27:10 Squires
28:03 Pikeman
37:48 Imperial Age
35:54 Ballistics
38:55 Halberdier
39:12 Arbalester
43:31 Conscription
44:28 Gambesons
44:29 Arson
46:47 Yeomen
49:24 Bow Saw
52:35 Wheelbarrow
55:46 Bracer
55:46 Padded Archer Armor
55:57 Forging
55:47 Scale Mail Armor
56:50 Chemistry
55:47 Murder Holes
56:03 Fortified Wall
57:55 Hand Cart
58:51 Warwolf
58:58 Gold Mining
58:59 Stone Mining
60:34 Chain Mail Armor
60:54 Iron Casting
60:35 Leather Archer Armor
62:40 Elite Longbowman
66:22 Blast Furnace
65:52 Plate Mail Armor
65:54 Ring Archer Armor
65:41 Heavy Plow
67:48 Husbandry
67:09 Cavalier
76:41 Spies/Treason
78:17 Heated Shot
78:11 Treadmill Crane
78:43 Masonry
78:39 Siege Engineers
78:21 Arrowslits
78:27 Guard Tower
78:30 Town Watch
79:23 Gold Shaft Mining
noremorse
13:35 Loom
16:47 Feudal Age
23:05 Town Watch
23:19 Double-Bit Axe
25:57 Castle Age
23:54 Horse Collar
29:30 Wheelbarrow
30:42 Hand Cart
39:43 Gold Mining
39:44 Stone Mining
40:06 Bow Saw
43:14 Husbandry
43:24 Bloodlines
46:23 Imperial Age
46:56 Heavy Plow
46:22 Cavalier
48:05 Conscription
48:11 Savar
49:02 Scale Barding Armor
49:08 Forging
51:51 Chain Barding Armor
52:07 Iron Casting
53:21 Gold Shaft Mining
72:29 Spies/Treason
jphilkill
3:51 Loom
15:53 Feudal Age
23:14 Castle Age
22:23 Wheelbarrow
21:40 Stone Mining
27:26 Gold Mining
29:03 Husbandry
29:38 Fletching
32:35 Pikeman
34:32 Bloodlines
35:03 Forging
38:30 Bodkin Arrow
40:01 Iron Casting
43:30 Hand Cart
43:28 Double-Bit Axe
53:00 Imperial Age
52:48 Scale Mail Armor
52:55 Scale Barding Armor
54:26 Conscription
54:28 Bracer
54:29 Elite Skirmisher
55:21 Squires
55:57 Bow Saw
59:22 Elite Tarkan
60:55 Thumb Ring
61:08 Chain Mail Armor
60:53 Padded Archer Armor
61:54 Blast Furnace
61:08 Horse Collar
61:58 Halberdier
62:58 Leather Archer Armor
63:04 Ballistics
63:45 Chemistry
64:20 Cavalier
65:32 Heavy Plow
66:00 Capped Ram
69:18 Medium Warships
68:29 Demolition Ship
73:22 Gold Shaft Mining
74:39 Spies/Treason
75:47 Heavy Demolition Ship
77:00 Heavy Warships
Connection lost

Rejoining the realm…

Still unreachable

The connection could not be restored.

Session expired

The server has moved on; the page needs a fresh start.